 Dungeon Crawl Stone Soup version 0.24.1-14-gf8d2b509d9 (webtiles) character file.

Game seed: 2915642711785107977, levelgen mode: deterministic

72 fridis the Covered (level 4, -15/40 HPs)
             Began as a Minotaur Fighter on May 19, 2020.
             Demolished by an ogre
             ... wielding a cursed -2 giant club
              (16 damage)
             ... on level 2 of the Dungeon on May 25, 2020.
             The game lasted 00:08:00 (1257 turns).

fridis the Covered (Minotaur Fighter)               Turns: 1257, Time: 00:08:01

Health: -15/40     AC:  7    Str: 22    XL:     4   Next: 6%
Magic:  3/3        EV:  7    Int:  5    God:
Gold:   90         SH:  0    Dex:  9    Spells: 3/3 levels left

rFire    . . .     SeeInvis .   a - +0 war axe
rCold    . . .     Gourm    .   c - +0 shield
rNeg     . . .     Faith    .   b - +0 scale mail
rPois    .         Spirit   .   (helmet restricted)
rElec    .         Reflect  +   (no cloak)
rCorr    .         Harm     .   (no gloves)
MR       .....                  (no boots)
Stlth    ..........             h - +2 amulet of reflection
HPRegen  0.13/turn              (no ring)
MPRegen  0.08/turn              (no ring)

@: confused, lethally poisoned (-15 -> -20), very slightly contaminated,
invisible, very slow
A: retaliatory headbutt, horns 2
a: no special abilities


You were on level 2 of the Dungeon.
You were not hungry.

You visited 1 branch of the dungeon, and saw 2 of its levels.

You collected 90 gold pieces.

Inventory:

Hand Weapons
 a - a +0 war axe (weapon)
Armour
 b - a +0 scale mail (worn)
 c - a +0 shield (worn)
Jewellery
 h - a +2 amulet of reflection (around neck)
Scrolls
 g - a scroll of noise {unknown}
 i - 3 scrolls of identify {unknown}
 j - a scroll of teleportation {unknown}
 k - 2 scrolls of remove curse {unknown}
Potions
 d - a potion of might
 e - a potion of heal wounds {unknown}
 l - a potion of invisibility
 n - a potion of curing {unknown}
 o - a potion of resistance {unknown}
Comestibles
 f - 3 rations


   Skills:
 + Level 4.2 Fighting
 + Level 3.4 Axes
 + Level 4.5 Armour
 + Level 0.1 Dodging
 + Level 4.2 Shields


You had 3 spell levels left.
You didn't know any spells.
Your spell library was empty.

Dungeon Overview and Level Annotations

Branches:
Dungeon (2/15)

Altars:
Elyvilon


Innate Abilities, Weirdness & Mutations

You reflexively headbutt those who attack you in melee.
You have a pair of horns on your head.


Message History

The adder barely misses you. You furiously retaliate!
You headbutt the adder! You block the goblin's attack.
The adder bites you but does no damage. The goblin hits you but does no damage.
Your unstable footing causes you to fumble your attack.
You block the adder's attack.
The hobgoblin splashes around in the water.
The goblin hits you.
* * * LOW HITPOINT WARNING * * *
You block the adder's attack.
There are monsters nearby!
It was a potion of ambrosia.
You are confused.
You feel invigorated. The adder bites you.
* * * LOW HITPOINT WARNING * * *
You are lethally poisoned!
The adder poisons you! The hobgoblin hits you.
* * * LOW HITPOINT WARNING * * *
The goblin completely misses you.
The ogre hits you with a cursed -2 giant club!
You die...

♣♣.......♣♣
♣♣...(.♣♣
♣♣...♣♣
♣♣.....♣♣
♣♣.......♣♣
♣...≈≈≈...♣
♣♣..≈≈≈≈≈..♣♣
♣...≈OSg≈...♣
♣♣..≈≈@≈≈..♣♣
♣...≈g≈...♣
♣♣..[(...♣♣
♣♣.....♣♣
♣♣...♣♣ .....
..... ..≈≈≈..


You could see an ogre, an adder, a hobgoblin and a goblin.

Vanquished Creatures
  A worker ant (D:2)
  A worm (D:2)
  3 dart slugs
  3 leopard geckos
  3 bats (D:1)
  A giant cockroach (D:2)
  4 goblins
  4 hobgoblins
  4 jackals (D:1)
  3 frilled lizards
  5 kobolds
  2 rats (D:2)
34 creatures vanquished.

Notes
Turn   | Place    | Note
-------+----------+-------------------------------------------
     0 | D:1      | fridis the Minotaur Fighter began the quest for the Orb.
     0 | D:1      | Reached XP level 1. HP: 19/19 MP: 0/0
   228 | D:1      | Reached XP level 2. HP: 27/27 MP: 1/1
   748 | D:2      | Reached XP level 3. HP: 32/33 MP: 2/2
  1158 | D:2      | Reached XP level 4. HP: 35/40 MP: 3/3
  1243 | D:2      | Found a white marble altar of Elyvilon.
  1245 | D:2      | Noticed an ogre
  1257 | D:2      | HP: 1/40 [hobgoblin (4)]
  1257 | D:2      | Demolished by an ogre

Levels and vault maps discovered:
D:1:      dpeg_arrival_rooms_b, layout_basic, nrook_loot_triangle,
          chequers_arboretum, minmay_misc_feat_ornament,
          minmay_misc_feat_diagonals, minmay_statues_item
D:2:      minmay_chambers_of_twos, layout_basic, elyvilon_altar_3

Skill      XL: |  1  2 |
---------------+-------+-----
Axes           | 3 |  3.4
Fighting       | 4 |  4.2
Armour         | 4 |  4.5
Shields        | 4 |  4.2
Dodging        | |  0.1

Action                   |  1- 3 |  4- 6 || total
-------------------------+-------+-------++-------
Melee: War axe           |    56 |     8 ||    64
       Headbutt          |     5 |     2 ||     7
  Use: Potion            |       |     2 ||     2
  Eat: Ration            |       |     1 ||     1
Armor: Scale mail        |    30 |    12 ||    42
Dodge: Dodged            |    21 |     5 ||    26
Block: Shield            |    40 |    22 ||    62
       Reflection        |     1 |       ||     1
